Map: Zen LE

Players

soO - Winner!

  • Race: Zerg Zerg
  • Spawn Location: 7:00

INnoVation

  • Race: Terran Terran
  • League: Master
  • Spawn Location: 1:00

Event: Shopify TSL 5

VOD

Have the link to the VOD?

Description

Time

  • Played on: June 7, 2020, 11:53 a.m.
  • Length: 8:35

All games in this series

Show
View Real Time Build Order
Export as new Build Order

soO Zerg - Winner!

Build Orders: Hatch First 

Get SALT Encoding   

  12  0:00  Drone  
  13  0:12  Overlord  
  13  0:16  Drone  
  14  0:30  Drone  
  14  0:31  Drone  
  16  0:47  Hatchery  
  15  0:51  Drone  
  15  0:54  Drone  
  17  0:57  Drone  
  18  1:08  Extractor  
  17  1:13  Spawning Pool  
  17  1:16  Drone  
  17  1:20  Drone  
  18  1:28  Drone  
  19  1:40  Drone  
  20  1:52  Overlord  
  20  1:59  Queen x2  
  24  2:05  Zergling x2  
  25  2:11  Metabolic Boost  
  25  2:13  Zergling x2  
  26  2:22  Zergling x8  
  30  2:33  Zergling x2  
  30  2:34  Zergling x2  
  32  2:37  Queen  
  33  2:56  Hatchery  
  32  3:03  Overlord  
  32  3:23  Hatchery  
  31  3:34  Drone x3  
  33  3:44  Drone  
  33  3:45  Drone x2  
  33  3:47  Drone  
  36  3:49  Drone  
  37  4:01  Overlord  
  37  4:09  Drone x2  
  39  4:15  Queen  
  41  4:19  Drone  
  41  4:20  Overlord  
  42  4:24  Drone x2  
  42  4:25  Drone  
  42  4:31  Drone  
  46  4:32  Drone  
  46  4:36  Queen, Drone  
  50  4:43  Drone  
  52  4:45  Drone  
  52  4:46  Drone x2  
  52  4:47  Drone  
  52  4:51  Roach Warren  
  54  4:54  Drone  
  54  4:55  Drone  
  54  4:57  Extractor  
  54  4:58  Drone  
  56  5:00  Drone  
  56  5:04  Overlord  
  56  5:05  Drone  
  58  5:07  Extractor  
  58  5:11  Drone  
  58  5:17  Overlord  
  58  5:21  Drone  
  58  5:22  Drone  
  58  5:23  Overlord  
  58  5:26  Overlord  
  60  5:31  Spore Crawler  
  60  5:32  Roach x5  
  60  5:34  Roach  
  71  5:37  Roach  
  73  5:43  Roach x2  
  77  5:50  Roach  
  77  5:53  Overlord  
  79  6:03  Roach x3  
  83  6:09  Drone  
  83  6:10  Drone x3  
  83  6:12  Drone  
  83  6:15  Drone x2  
  83  6:17  Drone  
  87  6:20  Drone x3  
  87  6:21  Drone x2  
  87  6:23  Drone  
  91  6:26  Roach x3  
  88  6:34  Ravager  
  88  6:39  Zergling x16  
  97  6:40  Ravager x3  
  97  6:50  Ravager x3  
  97  6:51  Zergling x16  
  100  7:02  Zergling x6  
  100  7:06  Zergling x2  
  96  7:11  Roach x2  
  96  7:13  Zergling x4  
  100  7:16  Drone x4  
  100  7:17  Lair  
  100  7:18  Evolution Chamber, Drone x2  
  100  7:19  Evolution Chamber, Drone  
  100  7:22  Drone  
  104  7:23  Overlord, Drone  
  104  7:27  Drone  
  104  7:29  Drone  
  105  7:30  Ravager x2  
  105  7:41  Drone  
  97  7:48  Drone x3  
  97  7:50  Extractor  
  89  7:51  Zergling x14, Extractor  
  89  7:54  Zergling x2  
  89  7:56  Zergling x4  
  90  8:00  Extractor  
  90  8:03  Drone  
  90  8:04  Drone x3  
  87  8:06  Spore Crawler, Drone  
  87  8:07  Spore Crawler  
  87  8:10  Drone  
  85  8:14  Drone x3  
  85  8:18  Spire  
  87  8:21  Hatchery, Drone  
Show
View Real Time Build Order
Export as new Build Order

INnoVation Terran 

Build Orders: Liberator Opening 

Get SALT Encoding   

  12  0:00  SCV  
  13  0:12  SCV  
  14  0:17  Supply Depot  
  14  0:24  SCV  
  15  0:39  Barracks  
  15  0:49  Barracks  
  15  0:53  SCV  
  16  1:00  Refinery  
  16  1:05  SCV  
  17  1:18  SCV  
  18  1:25  Marine  
  18  1:30  Orbital Command  
  19  1:33  Supply Depot  
  19  1:36  Marine  
  20  1:43  Marine  
  21  1:47  Bunker  
  21  1:54  Marine  
  21  2:00  SCV  
  23  2:01  Marine  
  24  2:12  SCV  
  25  2:16  Factory  
  25  2:21  Refinery  
  25  2:23  Marine  
  25  2:25  SCV  
  25  2:26  Marine  
  28  2:37  SCV, Supply Depot  
  29  2:49  SCV  
  23  3:00  Hellion  
  23  3:01  SCV, Starport  
  26  3:13  SCV  
  27  3:21  Factory Reactor  
  27  3:27  Command Center  
  27  3:29  SCV  
  28  3:39  Viking  
  30  3:42  SCV  
  29  3:55  SCV  
  30  3:58  Hellion x2  
  34  4:05  Supply Depot  
  34  4:07  SCV  
  33  4:11  Liberator  
  36  4:19  SCV  
  36  4:23  Hellion  
  39  4:27  Hellion  
  39  4:31  SCV  
  42  4:43  SCV  
  43  4:47  Hellion  
  43  4:49  Hellion  
  47  4:54  Liberator  
  47  4:56  Orbital Command  
  47  4:58  SCV  
  51  5:05  Armory  
  51  5:10  Hellion  
  51  5:12  Hellion  
  55  5:14  SCV  
  55  5:20  Supply Depot  
  56  5:25  Barracks Tech Lab  
  56  5:31  Hellion  
  56  5:33  Hellion  
  60  5:36  SCV x2  
  60  5:41  Liberator  
  65  5:44  Supply Depot  
  65  5:47  Stimpack  
  65  5:49  SCV  
  67  5:50  SCV  
  67  5:56  Hellion  
  69  6:00  Supply Depot  
  69  6:06  SCV x2, Hellion  
  65  6:13  Marauder  
  65  6:18  SCV  
  59  6:28  Starport Tech Lab  
  59  6:29  SCV  
  59  6:30  SCV  
  52  6:37  Marauder  
  52  6:39  Bunker  
  50  6:41  SCV  
  50  6:42  SCV  
  52  6:50  Banshee  
  52  6:53  SCV  
  55  6:54  SCV  
  55  6:58  Marauder  
  55  6:59  Hellion  
  55  7:00  Hellion  
  60  7:06  SCV x2  
  44  7:21  SCV  
  39  7:30  Hellion x2  
  39  7:33  SCV, Banshee  
  47  7:43  Orbital Command  
  44  7:48  SCV  
  33  7:51  Hellion x2  
  28  8:03  SCV  
  25  8:09  SCV  
  26  8:20  SCV  
  26  8:21  SCV  
Tags
 
Add a new tag
Caveats
  • Supply blocks, unpowered buildings, or Contaminate may cause inaccurate times.
  • Supply counts are checked every 10 seconds.